 Dungeon Crawl Stone Soup version 0.21-a0-476-gd103f4b (webtiles) character file.

66403 KristoblXynda the Thrower (level 14, -1/111 HPs)
             Began as a Black Draconian Hunter on Nov 22, 2017.
             Was the Champion of Okawaru.
             Engulfed by a cloud of flame (8 damage)
             ... in an ice cave.
             The game lasted 01:24:41 (29054 turns).

KristoblXynda the Thrower (Black Draconian Hunter) Turns: 29054, Time: 01:24:41

Health: -1/111     AC: 14    Str: 26    XL:     14   Next: 79%
Magic:  0/21       EV: 20    Int: 14    God:    Okawaru [******]
Gold:   1280       SH:  5    Dex: 18    Spells: 13/13 levels left

rFire    + . .     SeeInvis .   c - +10 short sword "Unwod" {flame, rC+ Str+3}
rCold    + + +     Gourm    .   B - +0 buckler of Yschur {rC+ MR+ Dex+4 Stlth+}
rNeg     . . .     Faith    .   (armour unavailable)
rPois    +         Spirit   +   (helmet restricted)
rElec    +         Reflect  .   (no cloak)
rCorr    +         Harm     .   b - +0 pair of gloves {Str+3}
MR       ++...     Clarity  +   (no boots)
Stlth    ++++++....             v - amulet of guardian spirit
HPRegen  0.28/turn              s - +5 ring of protection
MPRegen  0.17/turn              G - +5 ring of strength

@: resistant, flying
A: breathe lightning, unfitting armour, big wings, clarity, clever 1, sense
surroundings 1, electricity resistance, weak 1, cold-blooded, AC +8
a: Breathe Lightning, Stop Flying, Heroism, Finesse, Renounce Religion


You were in an ice cave.
You worshipped Okawaru.
Okawaru was exalted by your worship.
You were not hungry.

You visited 5 branches of the dungeon, and saw 24 of its levels.
You also visited: Ice Cave.

You collected 1462 gold pieces.
You spent 182 gold pieces at shops.

Inventory:

Hand Weapons
 c - the +10 short sword "Unwod" (weapon) {flame, rC+ Str+3}
   (Okawaru gifted it to you on level 14 of the Dungeon)

   It has been specially enchanted to burn those struck by it, causing extra
   injury to most foes and up to half again as much damage against particularly
   susceptible opponents.
   It affects your strength (+3).
   It protects you from cold.
 A - a +6 scimitar
Missiles
 h - 2 throwing nets
 n - a tomahawk of dispersal
 x - 10 javelins of penetration
 E - 6 tomahawks of returning
 F - 7 silver javelins
 I - 2 silver tomahawks
 L - 12 steel javelins
 M - 2 tomahawks (quivered)
 U - 3 javelins
Armour
 b - a +0 pair of gloves of strength (worn)
 B - the +0 buckler of Yschur (worn) {rC+ MR+ Dex+4 Stlth+}
   (Okawaru gifted it to you on level 3 of the Lair of Beasts)

   It affects your dexterity (+4).
   It protects you from cold.
   It affects your resistance to hostile enchantments.
   It makes you more stealthy.
Jewellery
 r - an uncursed ring of see invisible
 s - a +5 ring of protection (left hand)
 v - an amulet of guardian spirit (around neck)
 G - a +5 ring of strength (right hand)
 V - an uncursed ring of protection from fire
Wands
 g - a wand of digging (9)
 O - a wand of paralysis (6)
Scrolls
 a - 2 scrolls of identify
 e - 4 scrolls of remove curse
 k - 4 scrolls of magic mapping
 m - 7 scrolls of teleportation
 q - a scroll of immolation
 t - 2 scrolls of amnesia
 Q - 2 scrolls of fog
Potions
 l - a potion of agility
 o - a potion of brilliance
 p - 2 potions of resistance
 C - a potion of lignification
 D - 2 potions of berserk rage
 K - 2 potions of might
 N - 2 potions of mutation
 P - a potion of ambrosia
 R - 2 potions of magic
Miscellaneous
 i - a phial of floods (inert)
 H - a sack of spiders
Comestibles
 d - 14 bread rations
 j - 10 royal jellies
 u - 7 meat rations


   Skills:
 + Level 6.7 Fighting
 - Level 4.2(7.5) Short Blades
 - Level 9.6(10.0) Long Blades
 + Level 14.1 Throwing
 - Level 10.0 Dodging
 - Level 10.0 Stealth
 - Level 4.3 Shields
 + Level 9.8 Invocations
 - Level 5.0 Evocations


You had 13 spell levels left.
You didn't know any spells.

Dungeon Overview and Level Annotations

Branches:
Dungeon (15/15)            Temple (1/1) D:4            Lair (6/6) D:9
 Shoals (1/4) Lair:3        Snake (0/4) Lair:3          Orc (1/2) D:9
 Vaults (0/5) D:14         Depths (0/5) D:15
  Slime: Lair:5-6

Altars:
Ashenzari
Cheibriados
Dithmenos
Elyvilon
Fedhas
Gozag
Hepliaklqana
Kikubaaqudgha
Makhleb
Nemelex Xobeh
Okawaru
Qazlal
Ru
Sif Muna
Trog
Uskayaw
Vehumet
Wu Jian
Xom
Yredelemnul
Zin
The Shining One
Lugonu

Shops:
D:6 %   D:7 (   D:9 =

Annotations:
D:2 Robin
Lair:2 tof's ghost, journeyman DsBe


Innate Abilities, Weirdness & Mutations

You can breathe wild blasts of lightning.
Your glossy black scales are hard. (AC +8)
You cannot fit into any form of body armour.
Your large and strong wings let you fly indefinitely.
You are resistant to electric shocks. (rElec)
You are cold-blooded and may be slowed by cold attacks.
You possess an exceptional clarity of mind.
Your mind is acute. (Int +2)
You passively map a small area around you.
You are weak. (Str -2)


Message History

Unknown command.
You are engulfed in blazing flames.
You resist.
* * * LOW HITPOINT WARNING * * *
The polar bear is engulfed in blazing flames.
The polar bear goes berserk!
As you read the scroll of fear, it crumbles to dust.
You assume a fearsome visage.
You are engulfed in blazing flames.
You resist.
* * * LOW HITPOINT WARNING * * *
The polar bear is engulfed in blazing flames.
The polar bear bites you.
* * * LOW HITPOINT WARNING * * *
The polar bear claws you but does no damage.
You block the polar bear's attack.
Evoke which item? (* to show all) (? for menu, Esc to quit)
Aiming: Paralyse (will waste charges)
Press: ? - help, Shift-Dir - straight line, f - polar bear
Aim: a polar bear (almost dead, berserk, fast, unusually strong, inner flame, chance to defeat MR: 61%)
The polar bear resists with significant effort.
You are engulfed in blazing flames.
You resist.
You die...

### #@#
#h# #§#
#§# #.#
#.##
##..#
##...##
##..#..#


You could see a polar bear (berserk).

Vanquished Creatures
  An ettin (D:15)
  An ice dragon (Orc:1)
  6 hydras
  A yaktaur captain (D:14)
  3 centaur warriors
  6 two-headed ogres
  A death knight (D:14)
  A tengu warrior (D:15)
  The ghost of Ijustatesigmund the Basher, a novice OpAr of Okawaru (D:8)
  Sonja (D:15)
  5 unseen horrors
  2 orc knights
  An orc sorcerer (D:15)
  3 ugly things
  A deep elf mage (D:14)
  A manticore (D:11)
  5 cyclopes
  2 black mambas
  An ice statue (IceCv)
  2 elephants (Lair:3)
  2 centaur zombies
  11 spiny frogs
  A gargoyle (D:15)
  3 kobold demonologists (D:11)
  7 komodo dragons
  2 rime drakes
  2 yaktaurs (D:14)
  A freezing wraith (D:14)
  14 polar bears
  3 trolls
  A harpy zombie (D:15)
  A queen bee (Lair:3)
  Grinder (D:5)
  2 hornets
  14 slime creatures
  8 hippogriffs
  A shadow (D:14)
  Sigmund (D:5)
  A wyvern (Lair:3)
  A fire bat (D:8)
  4 wraiths
  52 yaks
  2 hungry ghosts
  4 basilisks
  3 vampire mosquitoes (D:14)
  Menkaure (D:4)
  A warg (Orc:1)
  3 soldier ants (D:13)
  An acid dragon (D:13)
  8 water moccasins
  11 porcupines
  3 ice beasts
  3 eyes of draining
  4 sky beasts
  14 orc warriors
  A necrophage (D:11)
  A hornet zombie (D:11)
  10 ogres
  4 black bears
  2 phantoms
  18 centaurs
  9 crocodiles
  13 wolves
  A big kobold (D:11)
  Blork the orc (D:5)
  21 bullfrogs
  4 scorpions
  26 killer bees (Lair:3)
  14 wights
  9 howler monkeys
  An electric eel (Lair:1)
  3 crimson imps
  A bullfrog zombie (D:13)
  9 hounds
  3 jellies
  3 bullfrog skeletons
  8 centaur skeletons
  20 orc wizards
  5 orc priests
  A hell rat (Lair:3)
  Natasha (twice) (D:2)
  9 worker ants
  Ijyb (D:4)
  A hound skeleton (D:7)
  2 howler monkey zombies
  A worker ant zombie (D:11)
  13 adders
  5 gnolls
  A howler monkey skeleton (D:9)
  2 river rats
  3 shadow imps
  An adder skeleton (D:7)
  2 worms
  2 dart slugs
  4 leopard geckos
  63 orcs
  4 bats
  4 giant cockroaches
  9 goblins
  7 hobgoblins
  17 jackals
  5 quokkas
  A ball python (D:2)
  6 frilled lizards
  A giant cockroach zombie (D:5)
  17 kobolds
  A leopard gecko skeleton (D:7)
  A leopard gecko zombie (D:8)
  A quokka zombie (D:5)
  11 rats
  A fungus (Lair:3)
622 creatures vanquished.

Vanquished Creatures (collateral kills)
  An ogre mage (D:15)
1 creature vanquished.

Vanquished Creatures (others)
  A demonic plant (D:11)
  22 fungi
  13 plants
36 creatures vanquished.

Grand Total: 659 creatures vanquished

Notes
Turn   | Place    | Note
-------+----------+-------------------------------------------
     0 | D:1      | KristoblXynda the Draconian Hunter began the quest for the Orb.
     0 | D:1      | Reached XP level 1. HP: 17/17 MP: 1/1
    46 | D:1      | Reached skill level 1 in Stealth
   112 | D:1      | Reached XP level 2. HP: 16/24 MP: 2/2
   291 | D:1      | Reached XP level 3. HP: 14/29 MP: 3/3
   610 | D:1      | Reached skill level 4 in Throwing
   900 | D:2      | Reached XP level 4. HP: 13/36 MP: 4/4
   932 | D:2      | HP: 1/36 [poisoned by a worker ant]
  1222 | D:2      | Noticed Natasha
  1756 | D:2      | Found a sacrificial altar of Ru.
  1915 | D:2      | Noticed Robin
  2409 | D:2      | Killed Natasha
  2409 | D:2      | Reached XP level 5. HP: 41/41 MP: 5/5
  2533 | D:2      | Noticed Natasha
  2542 | D:2      | Killed Natasha
  3074 | D:3      | Noticed an orc warrior
  3247 | D:3      | Killed an orc warrior
  3247 | D:3      | Reached XP level 6. HP: 27/48 MP: 6/6
  3502 | D:3      | Found a white marble altar of Elyvilon.
  3753 | D:4      | Found a staircase to the Ecumenical Temple.
  3788 | Temple   | Entered the Ecumenical Temple
  3898 | Temple   | Became a worshipper of Warmaster Okawaru
  3944 | D:4      | Reached skill level 5 in Throwing
  4389 | D:4      | Your scales start taking on a glossy black colour.
  4389 | D:4      | Reached XP level 7. HP: 55/55 MP: 7/7
  4389 | D:4      | Gained mutation: You are resistant to electric shocks. (rElec) [Black Draconian growth]
  4451 | D:4      | Noticed Menkaure
  4457 | D:4      | Killed Menkaure
  4457 | D:4      | Reached * piety under Okawaru
  4860 | D:4      | Noticed Ijyb
  4866 | D:4      | Killed Ijyb
  5131 | D:5      | Entered Level 5 of the Dungeon
  5152 | D:5      | Reached skill level 5 in Stealth
  5740 | D:5      | Reached skill level 6 in Throwing
  5740 | D:5      | Reached skill level 5 in Dodging
  5831 | D:5      | Noticed Blork the orc
  5857 | D:5      | Killed Blork the orc
  5857 | D:5      | Reached skill level 1 in Short Blades
  5857 | D:5      | Reached XP level 8. HP: 44/61 MP: 8/8
  5862 | D:5      | Reached skill level 1 in Invocations
  5874 | D:5      | Noticed Grinder
  5910 | D:5      | Paralysed by Grinder for 3 turns
  5937 | D:5      | Killed Grinder
  6627 | D:5      | Noticed Sigmund
  6640 | D:5      | Killed Sigmund
  6640 | D:5      | Reached ** piety under Okawaru
  6745 | D:5      | HP: 3/61 [phantom (7)]
  7203 | D:5      | Reached skill level 7 in Throwing
  7734 | D:5      | Found a deep blue altar of Sif Muna.
  7796 | D:6      | Found a radiant altar of Vehumet.
  7908 | D:6      | Reached XP level 9. HP: 32/67 MP: 12/12
  8323 | D:6      | Reached skill level 1 in Long Blades
  8396 | D:6      | Reached skill level 5 in Invocations
  8582 | D:6      | Found Egoriump's Food Emporium.
  9128 | D:7      | Reached *** piety under Okawaru
  9128 | D:7      | Reached skill level 1 in Evocations
 10027 | D:7      | Found Ycvucvif's Antique Weapon Boutique.
 10038 | D:7      | Bought a glowing long sword for 182 gold pieces
 10192 | D:7      | Reached skill level 8 in Throwing
 10506 | D:8      | Noticed Ijustatesigmund's ghost (novice OpAr)
 10517 | D:8      | Killed Ijustatesigmund's ghost
 10517 | D:8      | Reached **** piety under Okawaru
 10556 | D:8      | Reached XP level 10. HP: 38/73 MP: 7/13
 10901 | D:8      | Noticed Grum
 10916 | D:8      | Noticed Grum
 10916 | D:8      | Grum changed into Grum the fire bat
 10919 | D:8      | Killed Grum the fire bat
 10919 | D:8      | Received a gift from Okawaru
 10919 | D:8      | Reached skill level 5 in Long Blades
 11262 | D:8      | Reached skill level 5 in Evocations
 11273 | D:8      | Reached skill level 9 in Throwing
 11466 | D:8      | Noticed a two-headed ogre
 11473 | D:8      | Killed a two-headed ogre
 11628 | D:9      | Found Caerapre's Jewellery Shop.
 11729 | D:9      | Reached ***** piety under Okawaru
 11729 | D:9      | Received a gift from Okawaru
 11821 | D:9      | Found a staircase to the Orcish Mines.
 11875 | D:9      | Found a sacrificial altar of Ru.
 12222 | D:9      | Found a staircase to the Lair.
 12296 | D:9      | Received a gift from Okawaru
 12507 | D:10     | Entered Level 10 of the Dungeon
 12557 | D:10     | Received a gift from Okawaru
 12557 | D:10     | Reached XP level 11. HP: 73/79 MP: 16/16
 12567 | D:10     | Got a transparent buckler {god gift}
 12573 | D:10     | Identified the +1 buckler of the Lair of Beasts {Dex+3} (Okawaru gifted it to you on level 10 of the Dungeon)
 13016 | D:10     | Reached skill level 10 in Throwing
 13016 | D:10     | Reached skill level 1 in Shields
 13539 | Lair:1   | Entered Level 1 of the Lair of Beasts
 14932 | Lair:2   | Noticed tof's ghost (journeyman DsBe)
 15690 | Lair:3   | Noticed a four-headed hydra
 15802 | Lair:3   | Found a staircase to the Shoals.
 16094 | Lair:3   | Noticed a six-headed hydra
 16444 | Lair:3   | Received a gift from Okawaru
 16447 | Lair:3   | Got a dazzling buckler {god gift}
 16458 | Lair:3   | Identified the +0 buckler of Yschur {rC+ MR+ Dex+4 Stlth+} (Okawaru gifted it to you on level 3 of the Lair of Beasts)
 16565 | Lair:3   | Reached skill level 11 in Throwing
 16580 | Lair:3   | Reached XP level 12. HP: 45/85 MP: 10/17
 17236 | Lair:3   | Found a staircase to the Snake Pit.
 17385 | Lair:3   | Killed an eight-headed hydra
 17544 | Lair:3   | Killed a four-headed hydra
 17591 | Shoals:1 | Entered Level 1 of the Shoals
 17793 | Lair:4   | Noticed a five-headed hydra
 17833 | Lair:4   | Noticed a seven-headed hydra
 18336 | Lair:4   | Killed a seven-headed hydra
 18391 | Lair:4   | Received a gift from Okawaru
 18391 | Lair:4   | Reached skill level 5 in Fighting
 18507 | Lair:4   | Reached ****** piety under Okawaru
 18660 | Lair:4   | Noticed a seven-headed hydra
 18682 | Lair:4   | Killed a seven-headed hydra
 18682 | Lair:4   | Reached skill level 12 in Throwing
 18799 | Lair:4   | Killed a seven-headed hydra
 19090 | Lair:5   | Received a gift from Okawaru
 19408 | Lair:5   | Reached XP level 13. HP: 100/100 MP: 18/18
 20095 | Lair:6   | Entered Level 6 of the Lair of Beasts
 20358 | D:11     | Gained mutation: You passively map a small area around you. [potion of mutation]
 20358 | D:11     | Gained mutation: You possess an exceptional clarity of mind. [potion of mutation]
 20599 | D:11     | Gained mutation: Your mind is acute. (Int +2) [mutagenic meat]
 20600 | D:11     | Gained mutation: You are weak. (Str -2) [mutagenic meat]
 21140 | D:11     | Received a gift from Okawaru
 21149 | D:11     | Found a corrupted altar of Lugonu.
 21399 | D:12     | Found a shimmering altar of Xom.
 21577 | D:12     | You fall through a shaft for 3 floors!
 21577 | D:15     | Entered Level 15 of the Dungeon
 22162 | D:14     | Received a gift from Okawaru
 22165 | D:14     | Got an ichor-stained short sword {god gift}
 22168 | D:14     | Found a gate to the Vaults.
 22642 | D:14     | Reached skill level 13 in Throwing
 22797 | D:14     | Identified the +10 short sword "Unwod" {flame, rC+ Str+3} (Okawaru gifted it to you on level 14 of the Dungeon)
 23386 | D:14     | Received a gift from Okawaru
 23752 | D:15     | Noticed Sonja
 23769 | D:15     | Killed Sonja
 23974 | D:15     | Reached skill level 10 in Dodging
 23988 | D:15     | Found a staircase to the Depths.
 23988 | D:15     | Noticed an ettin
 24008 | D:15     | Received a gift from Okawaru
 24012 | D:15     | Received a gift from Okawaru
 24012 | D:15     | Gained mutation: Your large and strong wings let you fly indefinitely. [Black Draconian growth]
 24012 | D:15     | Reached XP level 14. HP: 55/107 MP: 11/19
 25897 | D:13     | Received a gift from Okawaru
 26698 | D:13     | Received a gift from Okawaru
 26849 | D:13     | Found a shimmering altar of Xom.
 26951 | D:12     | Found a deep blue altar of Sif Muna.
 27015 | D:12     | Reached skill level 10 in Stealth
 27575 | Orc:1    | Entered Level 1 of the Orcish Mines
 27765 | Orc:1    | Found a frozen archway.
 28023 | Orc:1    | Reached skill level 14 in Throwing
 28050 | IceCv    | Entered an ice cave
 28292 | IceCv    | Received a gift from Okawaru
 29054 | IceCv    | Engulfed by a cloud of flame

Vault maps used:
D:1:      dpeg_arrival_brainrot, serial_bayou_pond_e
D:2:      lemuel_round_altar, first_bread, st_stairs_4, minmay_small_reverse_x,
          uniq_natasha, uniq_robin
D:3:      st_stairs_8, serial_bayou_pond_b, elyvilon_altar_4
D:4:      minmay_temple_entry_grid, uniq_ijyb, uniq_menkaure
D:5:      led_sif_book, uniq_blork_the_orc, uniq_sigmund, uniq_grinder
D:6:      black_bear_nest_1, serial_shops, shop, vehumet_altar_wand_db
D:7:      serial_shops, shop_fountains
D:8:      grunt_ogre_cave, uniq_grum
D:9:      due_lair_maze_entry_diamond, orc_0_dummy, serial_shops, shop,
          basic_altar, grunt_decor_one_mirror
D:11:     kennysheep_kobold_lugonu_temple
D:12:     hangedman_feature_mirror
D:13:     tgw_xom
D:14:     david_vaults_2, hangedman_abyss_or_decor_jellyfish_corner
D:15:     hangedman_depths_entry_civil_slaughter,
          hangedman_abyss_or_decor_slice, st_stairs_2, uniq_sonja
Temple:   regret_index_temple_sigil_plot
Lair:1:   serial_bayou_ford_a
Lair:2:   serial_bayou_pond_a, kennysheep_rathole
Lair:3:   regret_index_tunnel_blossom, elwin_shoals_entry_rocks
Lair:4:   serial_bayou_shore_b
Lair:6:   evilmike_catoblepas_cave, minmay_slime_entry_pillars,
          nicolae_lair_yak_garden
Shoals:1: uniq_roxanne
Orc:1:    portal_ice_cave_entry_animals_and_master, uniq_maurice, uniq_harold
IceCv:    ice_cave_small_giant

Skill      XL: |  1  2  3  4  5  6  7  8  9 10 11 12 13 14 |
---------------+-------------------------------------------+-----
Stealth        | 1 2 3 4 5 8 10 | 10.0
Dodging        | 2 3 4 5 8 10 | 10.0
Throwing       | 4 5 6 7 8 9 11 12 13 14 | 14.1
Short Blades   | 1 4 |  4.2
Invocations    | 4 5 6 7 9 |  9.8
Long Blades    | 4 7 9 |  9.6
Evocations     | 4 5 |  5.0
Shields        | 4 |  4.3
Fighting       | 5 6 |  6.7

Action                   |  1- 3 |  4- 6 |  7- 9 | 10-12 | 13-15 || total
-------------------------+-------+-------+-------+-------+-------++-------
Melee: Short sword       |   109 |   181 |       |       |   702 ||   992
       Tailslap          |     9 |    28 |   101 |   130 |   261 ||   529
       Dagger            |       |    96 |   515 |       |       ||   611
       Long sword        |       |       |   183 |   722 |   275 ||  1180
 Fire: Blowgun           |       |       |       |       |    11 ||    11
Throw: Javelin           |     5 |     9 |    37 |    67 |    89 ||   207
       Tomahawk          |       |    18 |    48 |    89 |    22 ||   177
       Throwing net      |       |       |     2 |     4 |     2 ||     8
 Abil: Breathe Lightning |       |       |     7 |     7 |     8 ||    22
       Fly               |       |       |       |       |     1 ||     1
Evoke: Wand              |       |       |     6 |     9 |     9 ||    24
       Phial of floods   |       |       |       |     1 |     2 ||     3
       Sack of spiders   |       |       |       |       |     2 ||     2
  Use: Scroll            |     2 |     3 |    13 |    15 |    15 ||    48
       Potion            |     1 |     3 |     4 |     5 |     7 ||    20
 Stab: Distracted        |     1 |       |       |     2 |     3 ||     6
       Sleeping          |     2 |     8 |     1 |    11 |    13 ||    35
       Held in net/web   |       |       |       |     3 |     5 ||     8
  Eat: Meat ration       |       |     1 |     1 |       |     1 ||     3
       Bread ration      |       |     1 |       |     1 |     1 ||     3
       Chunk             |       |     2 |    13 |    20 |    20 ||    55
       Royal jelly       |       |       |     2 |     1 |     2 ||     5
       Fruit             |       |       |       |     5 |     5 ||    10
Armor: Skin              |    45 |    94 |   250 |   224 |   263 ||   876
Dodge: Dodged            |    79 |   200 |   531 |   483 |   924 ||  2217
Block: Buckler           |       |       |       |   111 |   274 ||   385
       Rpst.: Long sword |       |       |    65 |   144 |    79 ||   288

Table legend:
 A = Spawn XP
 B = Non-spawn XP
 C = Spawn XP percentage of total XP
 D = Spawn monster count
 E = Non-spawn monster count
 F = Spawn count percentage of total count
 G = Total turns spent on level
                    A         B        C        D         E        F      G
               +---------+---------+-------+---------+---------+-------+---------
         Total |       0 |   94862 |   0.0 |       0 |     622 |   0.0 | 29054
               +---------+---------+-------+---------+---------+-------+---------
           D:1 |       0 |      58 |   0.0 |       0 |      26 |   0.0 |   867
           D:2 |       0 |     204 |   0.0 |       0 |      34 |   0.0 |  1796
           D:3 |       0 |     200 |   0.0 |       0 |      24 |   0.0 |  1057
           D:4 |       0 |     641 |   0.0 |       0 |      17 |   0.0 |  1350
           D:5 |       0 |    1470 |   0.0 |       0 |      32 |   0.0 |  2600
           D:6 |       0 |     832 |   0.0 |       0 |      11 |   0.0 |  1265
           D:7 |       0 |    1115 |   0.0 |       0 |      30 |   0.0 |  1355
           D:8 |       0 |    3512 |   0.0 |       0 |      33 |   0.0 |  1148
           D:9 |       0 |    1727 |   0.0 |       0 |      25 |   0.0 |  1035
          D:10 |       0 |    3905 |   0.0 |       0 |      33 |   0.0 |  1102
          D:11 |       0 |    7408 |   0.0 |       0 |      53 |   0.0 |  1620
          D:12 |       0 |    3509 |   0.0 |       0 |      12 |   0.0 |   141
          D:13 |       0 |   10326 |   0.0 |       0 |      54 |   0.0 |  1568
          D:14 |       0 |   12381 |   0.0 |       0 |      48 |   0.0 |  2537
          D:15 |       0 |    9944 |   0.0 |       0 |      24 |   0.0 |  1269
        Lair:1 |       0 |    1233 |   0.0 |       0 |       9 |   0.0 |  1011
        Lair:2 |       0 |    2867 |   0.0 |       0 |      11 |   0.0 |  1076
        Lair:3 |       0 |   10662 |   0.0 |       0 |      60 |   0.0 |  2304
        Lair:4 |       0 |    7542 |   0.0 |       0 |      22 |   0.0 |  1084
        Lair:5 |       0 |    5659 |   0.0 |       0 |      24 |   0.0 |  1236
         Orc:1 |       0 |    4006 |   0.0 |       0 |      16 |   0.0 |   475
         IceCv |       0 |    5661 |   0.0 |       0 |      24 |   0.0 |  1004
               +---------+---------+-------+---------+---------+-------+---------
